 Dungeon Crawl Stone Soup version 0.29-a0-997-gf6f7e2dfe7 (webtiles) character file.

Game seed: 9575852211044172298

1278 zishaf the Magician (level 8, -3/60 HPs)
             Began as a Djinni Venom Mage on Aug 4, 2022.
             Was an Initiate of Hepliaklqana.
             Slain by a gnoll
             ... wielding a +0 whip
             ... led by a gnoll bouda
              (5 damage)
             ... on level 6 of the Dungeon.
             The game lasted 00:12:59 (7679 turns).

zishaf the Magician (Djinni Venom Mage)             Turns: 7679, Time: 00:12:59

Health: -3/60      AC:  4    Str:  7    XL:     8   Next: 84%
Gold:   285        EV: 12    Int: 20    God:    Hepliaklqana [......] SH:  4 Dex: 13

rFire   + + .      SeeInvis .   a - +6 short sword (venom)
rCold   x . .      Faith    .   c - +0 buckler
rNeg    . . .      Spirit   .   i - +1 robe {Will+}
rPois   ∞          Reflect  .   (no helmet)
rElec   .          Harm     .   m - +0 cloak
rCorr   .          Rampage  .   (no gloves)
Will    +....                   (boots unavailable)
Stlth   ++........              (no amulet)
HPRegen 0.20/turn               (no ring)
MPRegen 0.00/turn               (no ring)

@: flying
A: sickness immunity, fire resistance 2, cold vulnerability 1, float, innate
caster, HP casting, extra vitality 1
a: Renounce Religion


You were on level 6 of the Dungeon.
You worshipped Hepliaklqana.
Hepliaklqana was noncommittal.
You visited 2 branches of the dungeon, and saw 7 of its levels.

You collected 285 gold pieces.

Inventory:

Hand Weapons
 a - a +6 short sword of venom (weapon)
 g - a +2 whip of venom
 w - a +1 flail of holy wrath
Missiles
 t - a throwing net
Armour
 c - a +0 buckler (worn)
 i - a +1 robe of willpower (worn)
 m - a +0 cloak (worn)
Magical Staves
 b - a staff of poison
Scrolls
 d - a scroll of poison
 k - a scroll of teleportation
Potions
 e - a potion of berserk rage {unknown}
 f - a potion of heal wounds
 h - a potion of attraction
 j - a potion of ambrosia {unknown}
 l - a potion of invisibility {unknown}
 n - a potion of might {unknown}
 o - a potion of mutation {unknown}
 q - 4 potions of curing {unknown}
 r - 3 potions of haste
 s - a potion of brilliance


   Skills:
 + Level 5.4 Fighting
 - Level 2.1 Dodging
 - Level 1.5 Stealth
 + Level 2.1 Shields
 * Level 6.6 Spellcasting


You had 4 spell levels left.
You knew the following spells:

 Your Spells              Type           Power      Damage    Failure   Level
a - Sting                 Tmut/Pois      100%       1d8       1%          1
b - Passwall              Tmut/Erth      27%        N/A       1%          2
c - Poisonous Vapours     Pois/Air       66%        N/A       1%          2
d - Teleport Other        Tloc           33%        N/A       2%          3
e - Shock                 Conj/Air       100%       1d9       1%          1
z - Mephitic Cloud        Conj/Pois/Air  33%        N/A       2%          3
A - Olgreb's Toxic Radia  Pois           33%        N/A       9%          4
Your spell library was empty.

Dungeon Overview and Level Annotations

Branches:
Dungeon (6/15)             Temple (1/1) D:5

Altars:
Ashenzari
Cheibriados
Dithmenos
Elyvilon
Fedhas
Gozag
Hepliaklqana
Nemelex Xobeh
Ru
Trog
Uskayaw
Wu Jian
Xom
Yredelemnul
Zin
The Shining One

Shops:
D:1 [   D:4 [   D:6 **


Innate Abilities, Weirdness & Mutations

You are immune to sickness and miasma.
You are immune to poison.
Your flesh is very heat resistant. (rF++)
You are vulnerable to cold. (rC-)
You float through the air rather than walking.
You learn spells naturally, not from books.
Your magical power is your life essence.
You have superior vitality. (+4 MHP)


Message History

You see here a +0 morningstar.
You hear the hiss of a very distant avalanche of sand.
Casting: Teleport Other (dangerous; 2% risk of failure)
Confirm with . or Enter, or press ? or * to list all spells.
Aiming: Teleport Other (dangerous; 2% risk of failure)
Press: ? - help, Shift-Dir - straight line, f/p - shadow
Aim: a shadow (chance to affect: 53%)
The shadow looks slightly unstable.
* * * LOW HITPOINT WARNING * * *
The shadow disappears! 2 gnolls come into view.
The gnoll shouts!
You hear a shout!
Found 5 gold pieces.
The gnoll shouts!
You hear a shout!
A gnoll bouda comes into view. It is wielding a +0 whip.
A gnoll comes into view. It is wielding a +0 whip.
The gnoll bouda shouts!
You see here 5 gold pieces.
The gnoll bouda barks out a call to the hunt!
The gnolls pick up the pace!
The gnoll hits you from afar with a +0 spear.
* * * LOW HITPOINT WARNING * * *
You see here 5 gold pieces.
Casting: Teleport Other (dangerous; 2% risk of failure)
Confirm with . or Enter, or press ? or * to list all spells.
You begin to radiate toxic energy.
The gnoll bouda is poisoned.
The gnoll is poisoned. x3
* * * LOW HITPOINT WARNING * * *
The gnoll bouda looks even sicker.
The gnoll looks even sicker.
An ogre comes into view. It is wielding a +0 giant club.
The gnoll hits you from afar with a +0 spear.
* * * LOW HITPOINT WARNING * * *
The gnoll hits you with a +0 whip.
* * * LOW HITPOINT WARNING * * *
The ogre is poisoned.
The gnoll bouda looks even sicker.
The gnoll looks even sicker. x2
Your toxic aura wanes.
The gnoll bouda calls upon its god to heal something.
The gnoll barely misses you. The gnoll hits you with a +0 whip.
You die...

##
...########
..Ogg..gg$#
........#@#
#######.#.#
........#.#
.######.#.#
#......#.# .
#......#.# #
#.#......#.#
#
#.#...##.#.#
# #.#...##.#


You could see an ogre (poisoned), a gnoll bouda (very poisoned) and 3 gnolls.

Vanquished Creatures
  A water moccasin (D:4)
  Duvessa (D:5)
  A black bear (D:4)
  3 ogres
  A centaur (D:6)
  A phantom (D:6)
  3 scorpions
  Dowan (D:5)
  A hound (D:5)
  An orc priest (D:5)
  2 orc wizards (D:4)
  An iguana (D:6)
  13 adders
  A shadow imp (D:6)
  2 worms
  4 dart slugs
  18 orcs
  6 endoplasms
  4 giant cockroaches
  4 goblins
  6 hobgoblins
  A quokka (D:3)
  6 ball pythons
  2 bats
  2 frilled lizards
  7 kobolds
  5 rats
98 creatures vanquished.

Notes
Turn   | Place    | Note
-------+----------+-------------------------------------------
     0 | D:1      | zishaf the Djinni Venom Mage began the quest for the Orb.
     0 | D:1      | zishaf set off with the following spells memorised: Sting,
                  | Poisonous Vapours, Mephitic Cloud, Olgreb's Toxic Radiance.
     0 | D:1      | Reached XP level 1. HP: 15/15 MP: 0/0
   364 | D:1      | Reached XP level 2. HP: 7/22 MP: 0/0
   714 | D:1      | Reached skill level 1 in Fighting
   793 | D:1      | Found a faded altar of an unknown god.
  1018 | D:1      | Found Sufav's Armour Shoppe.
  1347 | D:2      | Reached XP level 3. HP: 25/27 MP: 0/0
  1347 | D:2      | Learned a level 1 spell: Shock
  1470 | D:2      | Reached skill level 3 in Spellcasting
  2547 | D:3      | Found a sparkling altar of Nemelex Xobeh.
  2564 | D:3      | Found a broken altar of Ashenzari.
  2629 | D:3      | Reached XP level 4. HP: 31/32 MP: 0/0
  3020 | D:3      | You are sucked into a shaft and drop 2 floors!
  3020 | D:5      | Entered Level 5 of the Dungeon
  3062 | D:4      | Noticed an ogre
  3093 | D:3      | Found a blossoming altar of Fedhas.
  3446 | D:3      | Noticed a scorpion
  3452 | D:3      | Killed a scorpion
  3453 | D:3      | Reached XP level 5. HP: 30/39 MP: 0/0
  3453 | D:3      | Learned a level 2 spell: Passwall
  3580 | D:3      | Reached skill level 4 in Spellcasting
  4059 | D:4      | Found a bloodstained altar of Trog.
  4336 | D:4      | Noticed an ogre
  4343 | D:4      | Noticed a black bear
  4361 | D:4      | Killed an ogre
  4362 | D:4      | Reached XP level 6. HP: 10/46 MP: 0/0
  4996 | D:4      | Killed an ogre
  4997 | D:4      | Reached XP level 7. HP: 33/50 MP: 0/0
  4997 | D:4      | Learned a level 3 spell: Teleport Other
  5014 | D:4      | Reached skill level 5 in Spellcasting
  5309 | D:4      | Found Ragnar's Dragon-Slaying Spoils.
  5870 | D:5      | Noticed a water moccasin
  5880 | D:4      | Killed a water moccasin
  6214 | D:5      | Found a staircase to the Ecumenical Temple.
  6222 | Temple   | Entered the Ecumenical Temple
  6328 | Temple   | Became a worshipper of Hepliaklqana the Forgotten
  6684 | D:5      | Reached XP level 8. HP: 56/58 MP: 0/0
  6977 | D:5      | Noticed Dowan
  6978 | D:5      | Noticed Duvessa
  6990 | D:5      | Killed Dowan
  6991 | D:5      | Reached skill level 6 in Spellcasting
  6993 | D:5      | Killed Duvessa
  6994 | D:5      | Reached skill level 5 in Fighting
  6994 | D:5      | Reached skill level 1 in Shields
  7544 | D:6      | Noticed a shadow
  7623 | D:6      | Found Zuz Uhog's General Store.
  7624 | D:6      | Found Seynaref's Specific Store.
  7678 | D:6      | HP: 3/60 [gnoll/+0 spear[a gnoll bouda] (5)]
  7679 | D:6      | Slain by a gnoll

Illustrated notes

Levels and vault maps discovered:
D:1:      dpeg_arrival_water_fire, layout_loops_ring,
          ebering_ecumenical_altar_sacrificial, serial_shops, nicolae_shop_trees
D:2:      layout_loops_cross, kennysheep_generic_room_8
D:3:      layout_basic, nicolae_overflow_hidden_temple,
          mainiacjoe_overflow_small_starburst
D:4:      layout_basic, mainiacjoe_overflow_surrounded_room,
          nicolae_shop_dragon_depot
D:5:      layout_gridville, minmay_temple_entry_fiery, uniq_duvessa
D:6:      layout_basic, enter_ossuary_2, kennysheep_small_spiral,
          nicolae_specific_store, minmay_statues_item, minmay_manual_maat,
          uniq_blork_the_orc
Temple:   nicolae_temple_great_sept

Skill      XL: |  1  2  3  4  5  6  7  8 |
---------------+-------------------------+-----
Fighting       | 1 2 3 4 5 |  5.4
Spellcasting   | 3 4 5 6 |  6.6
Shields        | 2 |  2.1
Dodging        | |  2.1
Stealth        | |  1.5

Action                   |  1- 3 |  4- 6 |  7- 9 || total
-------------------------+-------+-------+-------++-------
Melee: Dagger            |    12 |    24 |       ||    36
       Punch             |     1 |     2 |       ||     3
       Whip              |       |     2 |    47 ||    49
       Short sword       |       |       |    33 ||    33
       Flail             |       |       |    11 ||    11
 Cast: Sting             |    55 |    29 |       ||    84
       Poisonous Vapours |     3 |    39 |    15 ||    57
       Olgreb's Toxic Ra |       |     3 |     5 ||     8
       Mephitic Cloud    |       |     3 |     5 ||     8
       Shock             |       |       |     5 ||     5
       Teleport Other    |       |       |     2 ||     2
  Use: Scroll            |       |       |    13 ||    13
 Stab: Confused          |       |       |     4 ||     4
       Sleeping          |       |       |     2 ||     2
Armor: Robe              |     8 |     4 |    14 ||    26
Dodge: Dodged            |    19 |    26 |    63 ||   108
Block: Buckler           |       |       |     9 ||     9

Table legend: (Time is in decaauts)
 A = Elapsed time spent in this place.
 B = Non-inter-level travel time spent in this place.
 C = Inter-level travel time spent in this place.
 D = Time resting spent in this place.
 E = Time spent auto-exploring this place.
 F = Levels seen in this place.
 G = Mean time per level.
                   A        B        C        D        E       F      G
               +--------+--------+--------+--------+--------+-----+--------+
         Total |   7693 |   7464 |    229 |    501 |   5943 |   7 | 1099.0 |
       Dungeon |   7578 |   7378 |    200 |    501 |   5885 |   6 | 1263.0 |
        Temple |    114 |     85 |     29 |      0 |     58 |   1 |  114.0 |
               +--------+--------+--------+--------+--------+-----+--------+

Top non-repeatable levels by time:
     D:3: 1924 daAuts
     D:4: 1914 daAuts
     D:1: 1325 daAuts
     D:5: 1233 daAuts
     D:2: 967 daAuts
     D:6: 213 daAuts
  Temple: 114 daAuts
